AoeStats
← quentin-tardy

Arena

509785890Analyzed
4v4 RM · 5d ago on Sep 28, 2026· 65m 18s· 8 players
Game mode
Random Map
Map size
Large (8 player)
Population
200
Speed
Normal
Resources
Standard
Victory
Conquest
Starting age
Dark Age
Ending age
Imperial Age
RankedLock teamsTeams togetherTeam positionsShared explorationLock speedFull tech treeHidden civsTurbo modeCheats
Victory
Defeat
🇮🇳 Berbers · India
981
+12
🇫🇷 Saxons · France
968
+12
🇹🇷 Vikings · Türkiye
910
+15
🇵🇪 Mongols · Peru
848
+16
🇮🇳 Khmer · India
931
-16
🇦🇷 Goths · Argentina
877
-14
🇻🇳 Vietnamese · Vietnam
867
-13
🇨🇴 Celts · Colombia
841
-12
SongForBob
8:56 Loom
12:33 Feudal Age
18:37 Castle Age
18:18 Double-Bit Axe
18:33 Padded Archer Armor
18:27 Fletching
20:18 Leather Archer Armor
21:12 Bodkin Arrow
24:05 Fortified Wall
24:06 Guard Tower
25:12 Horse Collar
25:45 Forging
25:50 Bow Saw
28:34 Forging
28:24 Scale Mail Armor
30:32 Iron Casting
29:57 Scale Mail Armor
30:34 Gold Mining
30:34 Stone Mining
35:27 Imperial Age
33:18 Chain Mail Armor
34:13 Ballistics
34:05 Masonry
35:18 Chieftains
36:04 Capped Ram
36:52 Heavy Plow
38:03 Blast Furnace
38:20 Gold Shaft Mining
38:23 Plate Mail Armor
38:29 Conscription
38:25 Town Watch
39:59 Crop Rotation
40:30 Siege Ram
40:37 Elite Berserk
44:34 Man-at-Arms
44:35 Pikeman
45:16 Squires
45:01 Arson
44:37 Elite Varangian Guard
48:36 Chemistry
47:27 Heated Shot
48:07 Architecture
47:46 Long Swordsman
48:50 Town Patrol
48:58 Two-Handed Swordsman
49:40 Champion
51:35 Bracer
52:05 Ring Archer Armor
51:41 Scale Barding Armor
56:51 Two-Man Saw
56:13 Chain Barding Armor
57:54 Onager
58:34 Siege Ram
58:35 Heavy Scorpion
quentin-tardy
11:03 Feudal Age
12:38 Wheelbarrow
12:08 Double-Bit Axe
15:46 Castle Age
14:46 Horse Collar
15:28 Stone Mining
15:57 Gold Mining
20:44 Sanctity
21:45 Bow Saw
21:49 Heavy Plow
24:24 Squires
24:10 Gambesons
25:42 Loom
26:13 Hand Cart
26:42 Scale Mail Armor
28:12 Redemption
33:06 Chain Mail Armor
33:02 Forging
36:16 Imperial Age
33:32 Town Watch
34:27 Treadmill Crane
35:09 Ballistics
34:45 Murder Holes
35:01 Masonry
34:24 Clerical Recruitment
37:02 Iron Casting
37:05 Thumb Ring
38:19 Two-Man Saw
37:54 Crop Rotation
36:47 Elite Varangian Guard
37:16 Arson
38:38 Conscription
38:14 Shield Wall
48:40 Guilds
49:48 Town Patrol
51:09 Onager
rikbandy
10:45 Feudal Age
12:46 Loom
16:10 Castle Age
14:03 Double-Bit Axe
14:33 Horse Collar
17:30 Bow Saw
17:57 Heavy Plow
22:48 Wheelbarrow
21:58 Town Watch
25:14 Hand Cart
26:09 Gold Mining
27:25 Gold Shaft Mining
30:44 Imperial Age
28:32 Bloodlines
28:38 Scale Barding Armor
29:37 Husbandry
30:02 Chain Barding Armor
30:57 Cavalier
32:16 Plate Barding Armor
32:20 Forging
33:10 Crop Rotation
34:59 Heavy Camel Rider
37:52 Conscription
39:32 Iron Casting
39:59 Maghrebi Camels
40:02 Kasbah
51:01 Elite Camel Archer
53:23 Guilds
56:39 Town Patrol
58:59 Onager
LitiumJCH
9:06 Loom
12:56 Feudal Age
16:04 Double-Bit Axe
19:43 Castle Age
23:09 Bow Saw
24:06 Gold Mining
24:07 Stone Mining
26:04 Stone Shaft Mining
26:04 Gold Shaft Mining
25:44 Horse Collar
27:21 Heavy Plow
28:57 Husbandry
29:08 Bloodlines
28:19 Light Cavalry
30:15 Scale Barding Armor
30:10 Padded Archer Armor
33:23 Chain Barding Armor
33:19 Leather Archer Armor
37:36 Imperial Age
34:53 Town Watch
35:45 Wheelbarrow
35:49 Fletching
36:29 Ballistics
36:20 Fortified Wall
38:11 Heavy Camel Rider
40:13 Bodkin Arrow
39:51 Capped Ram
42:20 Chemistry
41:26 Siege Engineers
41:32 Masonry
41:19 Murder Holes
42:26 Drill
42:28 Conscription
42:15 Nomads
43:51 Elite Mangudai
43:56 Heavy Scorpion
47:54 Siege Ram
58:40 Onager
59:42 Bracer
60:04 Siege Onager
jolman.info
0:38 Loom
11:39 Feudal Age
12:12 Double-Bit Axe
14:29 Horse Collar
19:22 Castle Age
17:26 Stone Mining
21:05 Bow Saw
25:37 Heavy Plow
26:04 Gold Mining
28:45 Stronghold
34:50 Imperial Age
34:46 Wheelbarrow
33:57 Town Watch
34:19 Padded Archer Armor
34:09 Fletching
35:31 Gold Shaft Mining
Master
5:41 Loom
10:58 Feudal Age
12:39 Double-Bit Axe
17:48 Castle Age
16:11 Horse Collar
19:36 Bow Saw
19:30 Heavy Plow
22:37 Town Watch
27:28 Wheelbarrow
27:21 Town Patrol
28:39 Gold Mining
29:20 Hand Cart
33:36 Imperial Age
32:09 Gold Shaft Mining
33:49 Husbandry
34:00 Bloodlines
34:08 Elite Battle Elephant
35:11 Scale Barding Armor
35:41 Conscription
38:14 Masonry
38:18 Fortified Wall
41:30 Architecture
49:56 Onager
JuanferQuintero
0:49 Loom
10:56 Feudal Age
11:35 Double-Bit Axe
11:45 Gold Mining
11:39 Horse Collar
13:39 Town Watch
14:49 Wheelbarrow
21:19 Castle Age
22:49 Bow Saw
23:27 Hand Cart
27:04 Heavy Plow
29:40 Anarchy
31:02 Fletching
31:23 Forging
36:33 Imperial Age
36:10 Iron Casting
35:37 Scale Mail Armor
LE MINH NHAT
13:05 Feudal Age
21:14 Castle Age
19:15 Double-Bit Axe
19:24 Gold Mining
20:49 Padded Archer Armor
21:34 Crossbowman
22:33 Bow Saw
26:09 Wheelbarrow
28:39 Hand Cart
29:54 Horse Collar
33:04 Stone Mining
Connection lost

Rejoining the realm…

Still unreachable

The connection could not be restored.

Session expired

The server has moved on; the page needs a fresh start.